[Event "ICC tourney 2266 (75 10)"]
[Site "Internet Chess Club"]
[Date "2021.01.02"]
[Round "3"]
[White "e4f5"]
[Black "Ambuli123"]
[Result "0-1"]
[ICCResult "White resigns"]
[WhiteElo "2260"]
[BlackElo "2159"]
[Opening "Sicilian: Taimanov (Bastrikov) variation"]
[ECO "B47"]
[NIC "SI.40"]
[Time "18:01:51"]
[PlyCount "78"]
[TimeControl "4500+10"]

1. e4 c5 2. Nf3 e6 3. d4 cxd4 4. Nxd4 Nc6 5. Nc3 Qc7 6. Be2 a6 7. O-O Nf6
8. Be3 Be7 9. f4 d6 10. a4 O-O 11. Kh1 Re8 12. Bf3 Nxd4 13. Qxd4 e5 14. Qd2
exf4 15. Bxf4 Be6 16. Rad1 Rad8 17. Qf2 Nd7 18. Qg3 Ne5 19. Be2 Ng6 20. Bg5
Bxg5 21. Qxg5 Qc5 22. Qg3 Ne5 23. Qf4 Qb4 24. Qd2 Qxb2 25. Rb1 Qa3 26. Rxb7
Rc8 27. Nd5 Bxd5 28. Qxd5 Rf8 29. Bxa6 Rxc2 30. Qb3 Qc1 31. Qg3 Qd2 32.
Rbb1 h5 33. Rbd1 Qh6 34. Rf2 Rxf2 35. Qxf2 d5 36. Bb7 Ng4 37. Qd4 Qf4 38.
g3 Qf3+ 39. Kg1 Ne3 { White resigns } 0-1

[Event "ICC tourney 2266 (75 10)"]
[Site "Internet Chess Club"]
[Date "2021.01.02"]
[Round "3"]
[White "jy2020"]
[Black "KnightHawk8"]
[Result "1/2-1/2"]
[ICCResult "Game drawn by mutual agreement"]
[WhiteElo "2213"]
[BlackElo "2028"]
[Opening "Ruy Lopez: Anderssen variation"]
[ECO "C77"]
[NIC "RL.12"]
[Time "18:01:25"]
[PlyCount "150"]
[TimeControl "4500+10"]

1. e4 e5 2. Nf3 Nc6 3. Bb5 a6 4. Ba4 Nf6 5. d3 b5 6. Bb3 Be7 7. O-O O-O 8.
Nc3 d6 9. a3 Bg4 10. Be3 Na5 11. Ba2 c5 12. b4 Nc6 13. Nd5 Nxd5 14. Bxd5
Rc8 15. c3 Kh8 16. h3 Bxf3 17. Qxf3 Bg5 18. Rab1 Bxe3 19. fxe3 Rc7 20. Qe2
Qe8 21. Qa2 Na7 22. Rb2 Nc8 23. Rbf2 f6 24. c4 Nb6 25. Rc2 Nxd5 26. exd5 e4
27. Rd1 exd3 28. Rxd3 Qe4 29. Rdc3 cxb4 30. axb4 Rxc4 31. Qxa6 Rxc3 32.
Rxc3 Qxd5 33. Qc6 Qe5 34. Kf2 h6 35. Rc2 Re8 36. Qf3 Qe4 37. Rc7 Qh4+ 38.
Kf1 Qxb4 39. Qg3 Qb1+ 40. Ke2 Qb2+ 41. Kf3 f5 42. Qxd6 Qe5 43. Qxe5 Rxe5
44. Rb7 Kh7 45. g4 fxg4+ 46. hxg4 h5 47. Kf4 Rc5 48. gxh5 Rxh5 49. e4 Kg6
50. Rb6+ Kf7 51. Rb7+ Kf6 52. Rb6+ Kf7 53. Ke3 Ke7 54. Kd4 Rg5 55. e5 b4
56. Kd5 Rg1 57. Rb7+ Kd8 58. Rxb4 Rg6 59. Rb7 Ke8 60. Ke4 Ra6 61. Rxg7 Ra4+
62. Kf5 Ra6 63. Rh7 Rb6 64. Rh4 Ra6 65. Rb4 Ke7 66. Rg4 Rb6 67. Rg7+ Ke8
68. Ke4 Kf8 69. Rc7 Ke8 70. Kd5 Rh6 71. Rb7 Rg6 72. Rb4 Ke7 73. Rh4 Ra6 74.
Rh7+ Ke8 75. e6 Ra1 { Game drawn by mutual agreement } 1/2-1/2

[Event "ICC tourney 2266 (75 10)"]
[Site "Internet Chess Club"]
[Date "2021.01.02"]
[Round "3"]
[White "PawnEatingZombi"]
[Black "TjkTiger"]
[Result "0-1"]
[ICCResult "White resigns"]
[WhiteElo "2190"]
[BlackElo "2597"]
[Opening "King's Indian: Semi-Averbakh system"]
[ECO "E73"]
[NIC "KI.27"]
[Time "18:02:10"]
[PlyCount "138"]
[TimeControl "4500+10"]

1. d4 Nf6 2. c4 g6 3. Nc3 Bg7 4. e4 d6 5. Be2 O-O 6. Be3 Nc6 7. d5 Ne5 8.
f4 Neg4 9. Bd2 Nh6 10. Nf3 c6 11. Be3 cxd5 12. cxd5 e6 13. dxe6 fxe6 14.
Qd2 d5 15. e5 Nd7 16. O-O Nb8 17. Nd4 Bd7 18. Ncb5 Nf7 19. Rac1 Na6 20. Bg4
Re8 21. Rc2 Bf8 22. Rfc1 Bb4 23. Qf2 Ba5 24. a3 Bb6 25. b4 Qe7 26. Be2 Rf8
27. Nf3 g5 28. Bxb6 axb6 29. Nxg5 Nxe5 30. Qe3 Ng6 31. g3 e5 32. Nc7 Nxc7
33. Rxc7 Qd6 34. fxe5 Nxe5 35. Rxb7 d4 36. Rxd7 Nxd7 37. Bc4+ Kh8 38. Qe4
Qh6 39. Qxd4+ Qf6 40. Qxd7 Qxg5 41. Qd4+ Qf6 42. Qxf6+ Rxf6 43. Bd5 Rxa3
44. b5 Rd6 45. Bc6 Rd2 46. Rf1 Raa2 47. h4 Kg7 48. Rf4 Ra3 49. Rf3 Raa2 50.
Rf4 Rab2 51. Rf3 h6 52. Be8 Rd1+ 53. Rf1 Rd3 54. Rf2 Rxg3+ 55. Kf1 Rxf2+
56. Kxf2 Rc3 57. Kg2 Kf6 58. Bc6 Ke5 59. Bd7 Kf4 60. Be6 Rc5 61. Bd7 Rd5
62. Bc6 Rd2+ 63. Kh3 Rd3+ 64. Kg2 Kg4 65. h5 Rd2+ 66. Kg1 Kxh5 67. Kh1 Kg5
68. Kg1 Kf4 69. Kh1 Kg3 { White resigns } 0-1

[Event "ICC tourney 2266 (75 10)"]
[Site "Internet Chess Club"]
[Date "2021.01.02"]
[Round "3"]
[White "SuperPuzzler"]
[Black "GeorgeDai"]
[Result "1-0"]
[ICCResult "Black resigns"]
[WhiteElo "1969"]
[BlackElo "2086"]
[Opening "Caro-Kann: Steinitz variation"]
[ECO "B17"]
[NIC "CK.08"]
[Time "18:02:10"]
[PlyCount "141"]
[TimeControl "4500+10"]

1. e4 c6 2. d4 d5 3. Nd2 dxe4 4. Nxe4 Nd7 5. Nf3 Ngf6 6. Ng3 e6 7. Bd3 Bd6
8. Qe2 Qc7 9. Bd2 O-O 10. O-O-O b5 11. Ng5 a5 12. N3e4 b4 13. g4 a4 14.
Nxd6 Qxd6 15. Ne4 Qxd4 16. Be3 Qe5 17. f4 Qc7 18. Qf3 b3 19. a3 bxc2 20.
Bxc2 Bb7 21. Nxf6+ Nxf6 22. Qh3 c5 23. Rhe1 Be4 24. g5 Bxc2 25. gxf6 Bg6
26. fxg7 Rfb8 27. Bd2 Qb7 28. Qc3 Ra6 29. f5 Bxf5 30. Bf4 Rc8 31. Rd2 Qb3
32. Qxb3 axb3 33. Be5 Raa8 34. Bf6 c4 35. Rd7 Rab8 36. Kd2 Rb5 37. Kc3 Bd3
38. Re5 Rxe5 39. Bxe5 Be4 40. a4 Bc6 41. Ra7 Bd5 42. a5 f5 43. a6 Re8 44.
Rd7 f4 45. Bxf4 e5 46. Rxd5 exf4 47. Rf5 Kxg7 48. Rxf4 Ra8 49. Kxc4 Rxa6
50. Kxb3 Kg6 51. Rd4 Kf5 52. Kc3 Ke5 53. b4 Rc6+ 54. Rc4 Rb6 55. Rh4 Rb7
56. Kc4 Rb8 57. Rxh7 Kd6 58. h4 Rg8 59. Rh6+ Kc7 60. Kc5 Rg1 61. Rh7+ Kc8
62. b5 Rg6 63. h5 Rf6 64. Kd5 Rf5+ 65. Kc6 Rf6+ 66. Kc5 Rf5+ 67. Kb6 Rf6+
68. Ka5 Re6 69. Rf7 Re5 70. h6 Re6 71. h7 { Black resigns } 1-0

[Event "ICC tourney 2266 (75 10)"]
[Site "Internet Chess Club"]
[Date "2021.01.02"]
[Round "3"]
[White "Chesssaga"]
[Black "creepycrawlies"]
[Result "1/2-1/2"]
[ICCResult "Game drawn by mutual agreement"]
[WhiteElo "1995"]
[BlackElo "2187"]
[Opening "Sicilian, Chekhover variation"]
[ECO "B53"]
[NIC "SI.02"]
[Time "18:01:29"]
[PlyCount "117"]
[TimeControl "4500+10"]

1. e4 c5 2. Nf3 d6 3. d4 cxd4 4. Qxd4 Nc6 5. Bb5 Bd7 6. Qd3 g6 7. c4 a6 8.
Bxc6 Bxc6 9. Nc3 Bg7 10. O-O Nf6 11. h3 O-O 12. Be3 Rc8 13. Nd4 Nd7 14.
Rac1 Nc5 15. Qc2 Bd7 16. b3 b5 17. cxb5 Ne6 18. Qd2 Nxd4 19. Bxd4 Bxd4 20.
Qxd4 axb5 21. Nd5 Bc6 22. Nb4 Bb7 23. Rfe1 Qa5 24. Nd5 Bxd5 25. Qxd5 Rc5
26. Qb7 e6 27. Red1 b4 28. Rc4 Rxc4 29. bxc4 Qc5 30. Qa6 Rd8 31. Qb5 Ra8
32. Rd2 Kg7 33. Rb2 Ra5 34. Qxb4 Qxb4 35. Rxb4 Rxa2 36. Rb6 Rd2 37. Rc6 Rd4
38. f3 g5 39. c5 Rc4 40. Rxd6 Rxc5 41. Rd7 h5 42. Kh2 Kf6 43. Rb7 Rc2 44.
Ra7 Re2 45. Kg3 Kg6 46. Rb7 Re1 47. Ra7 Rh1 48. Rb7 h4+ 49. Kf2 Ra1 50. Rc7
Rb1 51. Ra7 Kf6 52. Rc7 Rb8 53. Ra7 Rf8 54. Kg1 Ke5 55. Kh2 Kf4 56. Ra3 Rb8
57. Ra7 f6 58. Ra6 Re8 59. Ra3 { Game drawn by mutual agreement } 1/2-1/2

[Event "ICC tourney 2266 (75 10)"]
[Site "Internet Chess Club"]
[Date "2021.01.02"]
[Round "3"]
[White "BlueJay01"]
[Black "profofchess"]
[Result "0-1"]
[ICCResult "White resigns"]
[WhiteElo "2098"]
[BlackElo "2338"]
[Opening "English opening"]
[ECO "A20"]
[NIC "EO.24"]
[Time "18:01:27"]
[PlyCount "120"]
[TimeControl "4500+10"]

1. c4 e5 2. g3 Nc6 3. Bg2 Bc5 4. Nc3 a6 5. e3 Ba7 6. Nge2 d6 7. O-O h5 8.
h3 h4 9. g4 f5 10. gxf5 Bxf5 11. d4 Qd7 12. Kh2 Nf6 13. a3 Rh5 14. Rg1 e4
15. Nf4 Rg5 16. b4 Ne7 17. Bb2 d5 18. cxd5 Nexd5 19. Nfxd5 Nxd5 20. Nxe4
Rxg2+ 21. Rxg2 Bxe4 22. Qh5+ Qf7 23. Qe5+ Qe7 24. Rxg7 Qxe5+ 25. dxe5 O-O-O
26. Rag1 Nxe3 27. fxe3 Bxe3 28. Bc1 Bxg1+ 29. Rxg1 Bf5 30. Rf1 Be6 31. Bg5
Rg8 32. Bxh4 Rh8 33. Kg3 Rg8+ 34. Kh2 Rh8 35. Kg3 Rh5 36. Re1 b6 37. Re3
Kb7 38. Bf6 Rxh3+ 39. Kf4 Rh1 40. Rc3 Rd1 41. Ke3 a5 42. bxa5 bxa5 43. Be7
Kb6 44. Bc5+ Kb5 45. Bd4 Bc4 46. Ke4 c5 47. Be3 Bd5+ 48. Kf5 Rf1+ 49. Bf4
c4 50. Kg5 Be6 51. Kf6 Bc8 52. Kg5 Kc5 53. Be3+ Kd5 54. Bb6 a4 55. Be3 Rf5+
56. Kg6 Rxe5 57. Bb6 Re6+ 58. Kf5 Rxb6+ 59. Kf4 Rb3 60. Rc1 Rxa3 { White
resigns } 0-1

[Event "ICC tourney 2266 (75 10)"]
[Site "Internet Chess Club"]
[Date "2021.01.03"]
[Round "4"]
[White "BreatheChessAls"]
[Black "jy2020"]
[Result "0-1"]
[ICCResult "White resigns"]
[WhiteElo "1941"]
[BlackElo "2213"]
[Opening "Queen's pawn: London system"]
[ECO "A45"]
[NIC "QP.07"]
[Time "11:01:39"]
[PlyCount "84"]
[TimeControl "4500+10"]

1. d4 Nf6 2. Bf4 d5 3. e3 e6 4. Nd2 Bd6 5. Bg3 O-O 6. Ngf3 c5 7. c3 b6 8.
Bd3 Bb7 9. Ne5 Nc6 10. O-O Ne7 11. Qc2 c4 12. Be2 Nf5 13. Bf4 Be7 14. Bf3
Nd6 15. Rfe1 Rc8 16. h3 b5 17. a4 a6 18. axb5 axb5 19. Ng4 Nfe4 20. Bxd6
Nxd6 21. Nh2 f5 22. Be2 Ne4 23. Nxe4 dxe4 24. f4 g5 25. g3 Kh8 26. Kh1 Qd5
27. Rg1 Rg8 28. Raf1 Rg7 29. Rf2 Rcg8 30. Rfg2 Qd8 31. Bf1 h5 32. Qf2 Bd6
33. Be2 h4 34. gxh4 gxf4 35. Rxg7 Rxg7 36. Rxg7 Kxg7 37. Qg1+ Kh7 38. h5
Qf6 39. exf4 Bxf4 40. Qg2 Bd5 41. Qf1 Qg5 42. Qa1 Qg3 { White resigns } 0-1

[Event "ICC tourney 2266 (75 10)"]
[Site "Internet Chess Club"]
[Date "2021.01.03"]
[Round "4"]
[White "chessw23"]
[Black "mchessmaster"]
[Result "1-0"]
[ICCResult "Black resigns"]
[WhiteElo "1944"]
[BlackElo "1955"]
[Opening "Giuoco Piano"]
[ECO "C54"]
[NIC "IG.02"]
[Time "11:01:36"]
[PlyCount "37"]
[TimeControl "4500+10"]

1. e4 e5 2. Nf3 Nc6 3. Bc4 Bc5 4. c3 Nf6 5. d3 d6 6. a4 a5 7. O-O O-O 8.
Nbd2 Bg4 9. h3 Bh5 10. Re1 h6 11. Nf1 Qd7 12. Ng3 Bg6 13. Nh4 Bh7 14. Qf3
Rad8 15. Bxh6 Nxe4 16. Nxe4 Bxe4 17. Rxe4 gxh6 18. Qf6 Kh7 19. Nf5 { Black
resigns } 1-0

[Event "ICC tourney 2266 (75 10)"]
[Site "Internet Chess Club"]
[Date "2021.01.03"]
[Round "4"]
[White "KittiesRock18"]
[Black "e4f5"]
[Result "0-1"]
[ICCResult "White resigns"]
[WhiteElo "1905"]
[BlackElo "2260"]
[Opening "Sicilian: Sozin, not Scheveningen"]
[ECO "B57"]
[NIC "SI.25"]
[Time "11:01:49"]
[PlyCount "56"]
[TimeControl "4500+10"]

1. e4 c5 2. Nf3 d6 3. d4 cxd4 4. Nxd4 Nf6 5. Nc3 Nc6 6. Bc4 Bd7 7. O-O g6
8. Nxc6 Bxc6 9. Bg5 Bg7 10. Nd5 Bxd5 11. exd5 O-O 12. Re1 a6 13. Qf3 Rc8
14. Bd3 h6 15. Bh4 Re8 16. Re2 Qb6 17. c4 Nd7 18. Rxe7 Rxe7 19. Bxe7 Re8
20. Bh4 Ne5 21. Qe4 f5 22. Qe2 Qd4 23. Bxf5 gxf5 24. Qh5 Nf7 25. Rf1 Qxc4
26. Bg3 Qxd5 27. a3 Qe4 28. b4 Qg4 { White resigns } 0-1

[Event "ICC tourney 2266 (75 10)"]
[Site "Internet Chess Club"]
[Date "2021.01.03"]
[Round "4"]
[White "DLWarrior"]
[Black "mr-sosa"]
[Result "1-0"]
[ICCResult "Black resigns"]
[WhiteElo "1968"]
[BlackElo "2086"]
[Opening "Caro-Kann: exchange, Rubinstein variation"]
[ECO "B13"]
[NIC "CK.02"]
[Time "11:01:40"]
[PlyCount "61"]
[TimeControl "4500+10"]

1. e4 c6 2. d4 d5 3. exd5 cxd5 4. Bd3 Nc6 5. c3 Nf6 6. Bf4 Bg4 7. Nf3 e6 8.
Nbd2 Bd6 9. Bxd6 Qxd6 10. Qb3 O-O 11. O-O b6 12. Rfe1 Bf5 13. Bxf5 exf5 14.
Ne5 Ne4 15. Ndf3 Ne7 16. Rad1 Rac8 17. Re2 Rfd8 18. Rde1 Qh6 19. Nd3 Ng6
20. Nfe5 Nxe5 21. Nxe5 f6 22. Nd3 Qg5 23. Nb4 Nd2 24. f4 Qxf4 25. Nxd5 Qg5
26. Ne7+ Kh8 27. Nxc8 Nf3+ 28. Kh1 Nxe1 29. Nd6 Qh5 30. Nf7+ Kg8 31. Nxd8+
{ Black resigns } 1-0

[Event "ICC tourney 2266 (75 10)"]
[Site "Internet Chess Club"]
[Date "2021.01.03"]
[Round "4"]
[White "edmehu"]
[Black "randomusername"]
[Result "1-0"]
[ICCResult "Black resigns"]
[WhiteElo "2212"]
[BlackElo "2132"]
[Opening "Caro-Kann: advance variation"]
[ECO "B12"]
[NIC "CK.04"]
[Time "11:02:22"]
[PlyCount "61"]
[TimeControl "4500+10"]

1. e4 c6 2. d4 d5 3. e5 Bf5 4. Nf3 e6 5. Be2 Ne7 6. O-O Nd7 7. Nbd2 h6 8.
c3 g5 9. Ne1 Bg7 10. f4 Qc7 11. Ndf3 gxf4 12. Bxf4 Ng6 13. Bg3 O-O-O 14.
Bd3 Bxd3 15. Nxd3 Rdf8 16. Nh4 h5 17. Nxg6 fxg6 18. Nf4 Rxf4 19. Rxf4 Qb6
20. Rf7 Bxe5 21. Bxe5 Nxe5 22. Re7 Ng4 23. h3 Ne3 24. Qe2 Qd8 25. Rxe6 Nc4
26. Rxg6 h4 27. Re1 Kb8 28. b3 Nd6 29. Qe5 Kc7 30. Rxd6 Qxd6 31. Qxh8 {
Black resigns } 1-0

[Event "ICC tourney 2266 (75 10)"]
[Site "Internet Chess Club"]
[Date "2021.01.03"]
[Round "4"]
[White "KnightHawk8"]
[Black "PawnEatingZombi"]
[Result "1/2-1/2"]
[ICCResult "Game drawn by mutual agreement"]
[WhiteElo "2028"]
[BlackElo "2190"]
[Opening "Caro-Kann: classical, Spassky variation"]
[ECO "B19"]
[NIC "CK.12"]
[Time "11:01:43"]
[PlyCount "54"]
[TimeControl "4500+10"]

1. e4 c6 2. d4 d5 3. Nd2 dxe4 4. Nxe4 Bf5 5. Ng3 Bg6 6. h4 h6 7. Nf3 Nd7 8.
h5 Bh7 9. Bd3 Bxd3 10. Qxd3 e6 11. Bd2 Ngf6 12. O-O-O Be7 13. c4 b5 14. Kb1
bxc4 15. Qxc4 O-O 16. Ne5 Nb6 17. Qc2 Qd5 18. f3 c5 19. Bf4 Rac8 20. dxc5
Qxc5 21. Qxc5 Bxc5 22. Ne4 Nbd5 23. Nxf6+ Nxf6 24. Nd7 Nxd7 25. Rxd7 Rfd8
26. Rhd1 Rxd7 27. Rxd7 Bb6 { Game drawn by mutual agreement } 1/2-1/2

[Event "ICC tourney 2266 (75 10)"]
[Site "Internet Chess Club"]
[Date "2021.01.03"]
[Round "4"]
[White "annameiyappan"]
[Black "rayxu"]
[Result "1/2-1/2"]
[ICCResult "Game drawn by mutual agreement"]
[WhiteElo "1994"]
[BlackElo "1915"]
[Opening "Sicilian"]
[ECO "B50"]
[NIC "SI.01"]
[Time "11:01:35"]
[PlyCount "70"]
[TimeControl "4500+10"]

1. e4 c5 2. Nf3 d6 3. c3 Nf6 4. Be2 e6 5. O-O Be7 6. Bb5+ Bd7 7. Bxd7+
Nbxd7 8. Re1 Ne5 9. d4 Nxf3+ 10. Qxf3 cxd4 11. cxd4 O-O 12. Nc3 Rc8 13. e5
Nd7 14. Qg3 Bh4 15. Qg4 f5 16. Qf3 dxe5 17. dxe5 Nc5 18. Rd1 Qc7 19. Qh5
Be7 20. f4 Rfd8 21. Be3 Qc6 22. Qe2 a6 23. Rac1 Qe8 24. b4 Nd7 25. a3 a5
26. Qb5 axb4 27. axb4 b6 28. Na4 Rxc1 29. Rxc1 Nb8 30. Qxe8+ Rxe8 31. b5
Nd7 32. Nxb6 Nxb6 33. Bxb6 Rb8 34. Rc6 Kf7 35. Bc5 Rxb5 { Game drawn by
mutual agreement } 1/2-1/2

[Event "ICC tourney 2266 (75 10)"]
[Site "Internet Chess Club"]
[Date "2021.01.03"]
[Round "4"]
[White "giorgibagaturov"]
[Black "Suraj240704"]
[Result "1-0"]
[ICCResult "Black resigns"]
[WhiteElo "2481"]
[BlackElo "2163"]
[Opening "King's Indian: fianchetto, Yugoslav Panno"]
[ECO "E66"]
[NIC "KI.66"]
[Time "11:01:48"]
[PlyCount "81"]
[TimeControl "4500+10"]

1. c4 g6 2. Nf3 Bg7 3. d4 Nf6 4. g3 O-O 5. Bg2 c5 6. O-O d6 7. Nc3 Nc6 8.
d5 Na5 9. Nd2 a6 10. Qc2 Rb8 11. b3 b5 12. Bb2 bxc4 13. bxc4 e5 14. e4 Bh6
15. f4 exf4 16. gxf4 Nh5 17. Ne2 Bg4 18. Bf3 Bxf3 19. Rxf3 Bxf4 20. Nxf4
Nxf4 21. Kh1 Qg5 22. Rg1 Qh4 23. Ra3 Nb7 24. Nf3 Qe7 25. e5 Nh5 26. Qd2 Ng7
27. Qh6 Nf5 28. Qh3 Nd4 29. Ng5 h5 30. e6 f6 31. Ne4 g5 32. Rag3 g4 33.
Qxh5 f5 34. Rxg4+ fxg4 35. Rxg4+ Qg7 36. Rxg7+ Kxg7 37. Qg5+ Kh8 38. Nf6
Rxf6 39. Qxf6+ Kg8 40. Qf7+ Kh8 41. e7 { Black resigns } 1-0

[Event "ICC tourney 2266 (75 10)"]
[Site "Internet Chess Club"]
[Date "2021.01.03"]
[Round "4"]
[White "Blue-Elephant1"]
[Black "brilliantnessme"]
[Result "1/2-1/2"]
[ICCResult "Game drawn by mutual agreement"]
[WhiteElo "2120"]
[BlackElo "2032"]
[Opening "QGD: exchange, positional line, 5...c6"]
[ECO "D35"]
[NIC "QO.16"]
[Time "11:01:36"]
[PlyCount "99"]
[TimeControl "4500+10"]

1. d4 d5 2. c4 e6 3. Nc3 Nf6 4. cxd5 exd5 5. Bg5 c6 6. e3 Be7 7. Bd3 Nbd7
8. Qc2 h6 9. Bh4 Nh5 10. Bxe7 Qxe7 11. Nge2 Nb6 12. O-O O-O 13. Nb1 g6 14.
Nd2 Ng7 15. Rab1 Bf5 16. b4 Bxd3 17. Qxd3 a6 18. Nc3 Nf5 19. Rfe1 Qf6 20.
a4 Rac8 21. f3 Rfd8 22. Nb3 Rc7 23. a5 Nc4 24. e4 Ng7 25. e5 Qg5 26. Na4
Ne6 27. Kh1 Qxg2+ 28. Kxg2 Nf4+ 29. Kg1 Nxd3 30. Red1 Nf4 31. Re1 Na3 32.
Nac5 Nxb1 33. Rxb1 Ne6 34. Kf2 Kf8 35. Rg1 g5 36. Ke3 Ke7 37. Nd3 f5 38. f4
g4 39. Nbc5 Kf7 40. Nxe6 Kxe6 41. Kf2 h5 42. h4 Rg8 43. Kg3 Rcg7 44. Nc5+
Ke7 45. Na4 Kd7 46. Nb6+ Ke6 47. Rc1 Rd7 48. Rc2 Ke7 49. Rc1 Kd8 50. Rc2 {
Game drawn by mutual agreement } 1/2-1/2

[Event "ICC tourney 2266 (75 10)"]
[Site "Internet Chess Club"]
[Date "2021.01.03"]
[Round "4"]
[White "gmRohde"]
[Black "Openyagami"]
[Result "1/2-1/2"]
[ICCResult "Game drawn by mutual agreement"]
[WhiteElo "2440"]
[BlackElo "2606"]
[Opening "King's Indian: East Indian defense"]
[ECO "A48"]
[NIC "QP.06"]
[Time "11:01:45"]
[PlyCount "114"]
[TimeControl "4500+10"]

1. d4 Nf6 2. Nf3 g6 3. Nc3 d5 4. Bf4 Bg7 5. e3 O-O 6. Be2 c5 7. O-O Nc6 8.
dxc5 Qa5 9. Nd4 Qxc5 10. Nb3 Qb6 11. Nxd5 Nxd5 12. Qxd5 Bxb2 13. Rab1 Be6
14. Qc5 Bf6 15. Bf3 Rfc8 16. Qa3 Bxb3 17. Qxb3 Qxb3 18. cxb3 h5 19. h3 e5
20. Bh2 Rc7 21. Rfd1 Nb4 22. Rd6 Kg7 23. g4 hxg4 24. hxg4 Re8 25. Rd2 b6
26. a3 Nc2 27. a4 Ree7 28. Be4 Nb4 29. Kf1 Na6 30. Rd5 Nc5 31. Bg2 Rcd7 32.
g5 Bxg5 33. Bxe5+ Bf6 34. Bd6 Re8 35. Bxc5 Rxd5 36. Bxd5 bxc5 37. Bc4 Bc3
38. Rd1 Re7 39. Rd5 Bb4 40. Bb5 a5 41. Rd7 Re6 42. Bc4 Rf6 43. Ke2 g5 44.
Rd5 Kg6 45. Bd3+ Kh6 46. Rf5 Rxf5 47. Bxf5 Kh5 48. f3 Kh4 49. Bg4 Bc3 50.
Kf2 Be5 51. Kg2 Bb2 52. Kf2 Bc1 53. e4 Bf4 54. Kg2 Bg3 55. Bf5 Bc7 56. Bg4
Bb6 57. Kh2 Bc7+ { Game drawn by mutual agreement } 1/2-1/2

[Event "ICC tourney 2266 (75 10)"]
[Site "Internet Chess Club"]
[Date "2021.01.03"]
[Round "4"]
[White "BBCC2020"]
[Black "greenninja"]
[Result "1-0"]
[ICCResult "Black resigns"]
[WhiteElo "2193"]
[BlackElo "2025"]
[Opening "Grünfeld: Stockholm variation"]
[ECO "D80"]
[NIC "GI.03"]
[Time "11:01:45"]
[PlyCount "87"]
[TimeControl "4500+10"]

1. d4 Nf6 2. c4 g6 3. Nc3 d5 4. Bg5 Ne4 5. Bh4 c6 6. Nf3 Nxc3 7. bxc3 dxc4
8. e3 b5 9. Be2 Bg7 10. O-O O-O 11. a4 a6 12. Nd2 Bb7 13. Rb1 Qd7 14. Ne4
Bc8 15. Nc5 Qc7 16. Bg3 e5 17. Bf3 Bf5 18. Ra1 Nd7 19. Nxd7 Qxd7 20. e4 Be6
21. dxe5 Qb7 22. Qc2 Qc7 23. Be2 Bxe5 24. f4 Bd6 25. Rad1 Rfd8 26. Rxd6
Rxd6 27. f5 Bc8 28. Qc1 Qa7+ 29. Kh1 Rd8 30. Be5 Qc5 31. Qg5 Re8 32. Bd4
Qe7 33. Qh6 Qf8 34. Qh4 Qe7 35. Bf6 Qf8 36. Rf3 Bxf5 37. Rxf5 Re6 38. Rf1
Rae8 39. e5 c5 40. Bg4 Rb6 41. Bd7 Reb8 42. axb5 axb5 43. Be7 Qg7 44. Bxc5
{ Black resigns } 1-0

[Event "ICC tourney 2266 (75 10)"]
[Site "Internet Chess Club"]
[Date "2021.01.03"]
[Round "4"]
[White "Ambuli123"]
[Black "marble"]
[Result "0-1"]
[ICCResult "White resigns"]
[WhiteElo "2159"]
[BlackElo "2508"]
[Opening "Modern defense"]
[ECO "A40"]
[NIC "QO.17"]
[Time "11:01:41"]
[PlyCount "58"]
[TimeControl "4500+10"]

1. d4 g6 2. c4 Bg7 3. Nf3 c5 4. d5 d6 5. e4 e6 6. Bd3 Ne7 7. h3 O-O 8. O-O
e5 9. Nc3 h6 10. Nh2 f5 11. f4 exf4 12. exf5 g5 13. f6 Bxf6 14. Qh5 Bd4+
15. Kh1 Bg7 16. Ng4 Bxg4 17. Qxg4 Nd7 18. Qe6+ Kh8 19. Ne4 Nf5 20. Bxf4
gxf4 21. Rxf4 Ng3+ 22. Nxg3 Rxf4 23. Nh5 Nf8 24. Qe3 Rd4 25. Nxg7 Kxg7 26.
Rf1 Qg5 27. Qf3 Kh8 28. Bc2 Ng6 29. Qf7 Rf8 { White resigns } 0-1

[Event "ICC tourney 2266 (75 10)"]
[Site "Internet Chess Club"]
[Date "2021.01.03"]
[Round "4"]
[White "TjkTiger"]
[Black "profofchess"]
[Result "1-0"]
[ICCResult "Black resigns"]
[WhiteElo "2597"]
[BlackElo "2338"]
[Opening "English: four knights, Nimzovich variation"]
[ECO "A28"]
[NIC "EO.21"]
[Time "11:05:43"]
[PlyCount "67"]
[TimeControl "4500+10"]

1. c4 e5 2. Nc3 Nc6 3. Nf3 Nf6 4. e4 Bc5 5. Nxe5 Nxe5 6. d4 Bb4 7. dxe5
Nxe4 8. Qf3 d5 9. Be2 h5 10. h3 Qe7 11. O-O Bxc3 12. bxc3 Be6 13. Rd1 O-O-O
14. Qe3 Qc5 15. Rd4 Qa5 16. Bb2 Nc5 17. cxd5 Rxd5 18. Rxd5 Bxd5 19. c4 Bc6
20. Bf3 Bxf3 21. Qxf3 Rd8 22. Qxf7 Qd2 23. Qf5+ Kb8 24. Rb1 Nd3 25. Bd4 Qc2
26. Rb3 Qd1+ 27. Kh2 Nc1 28. Rb1 Qxd4 29. Rxc1 Qd2 30. Rb1 Qxa2 31. e6 Qa4
32. e7 Re8 33. Qf3 b6 34. Rd1 { Black resigns } 1-0

[Event "ICC tourney 2266 (75 10)"]
[Site "Internet Chess Club"]
[Date "2021.01.03"]
[Round "4"]
[White "icyblizzard"]
[Black "Chesssaga"]
[Result "1-0"]
[ICCResult "Black resigns"]
[WhiteElo "2018"]
[BlackElo "1995"]
[Opening "Ruy Lopez: closed, Breyer, Borisenko variation"]
[ECO "C95"]
[NIC "RL.25"]
[Time "11:01:53"]
[PlyCount "147"]
[TimeControl "4500+10"]

1. e4 e5 2. Nf3 Nc6 3. Bb5 a6 4. Ba4 Nf6 5. O-O Be7 6. Re1 b5 7. Bb3 d6 8.
c3 O-O 9. h3 Nb8 10. d4 Nbd7 11. Nbd2 Bb7 12. Bc2 Re8 13. Nf1 Bf8 14. Ng3
g6 15. a4 c5 16. d5 c4 17. Bg5 h6 18. Be3 Qc7 19. Qd2 Kh7 20. Kh2 Nc5 21.
Ra3 Bg7 22. Ng1 Nfd7 23. f3 Nb6 24. a5 Nbd7 25. N3e2 Nf8 26. g4 g5 27. Ng3
Ng6 28. N1e2 Bc8 29. Rf1 Kh8 30. Nh5 Nd7 31. Neg3 Nf6 32. Nxg7 Kxg7 33.
Nf5+ Bxf5 34. gxf5 Nf4 35. Rg1 Kh7 36. Raa1 Nd7 37. Rg4 f6 38. Rag1 h5 39.
R4g3 h4 40. Rg4 Rh8 41. Bxf4 exf4 42. Qxf4 Ne5 43. Rxh4+ Kg7 44. Rxh8 Rxh8
45. Qe3 Qf7 46. f4 Nd7 47. fxg5 Ne5 48. gxf6+ Kf8 49. Bd1 Qxf6 50. Qg5 Qxg5
51. Rxg5 Rh4 52. Bg4 Nd3 53. Kg3 Rh7 54. f6 Kf7 55. Rf5 Nxb2 56. e5 dxe5
57. Bh5+ Rxh5 58. Rxh5 Nd3 59. Rh7+ Kxf6 60. Rh6+ Ke7 61. Rxa6 b4 62. cxb4
Nxb4 63. Re6+ Kd7 64. Rxe5 c3 65. Re4 c2 66. Rc4 Kd6 67. a6 Kxd5 68. Rxc2
Nxa6 69. Re2 Nc5 70. Kg4 Ne6 71. h4 Kd6 72. Re3 Ke7 73. Kf5 Kf7 74. Rxe6 {
Black resigns } 1-0

[Event "ICC tourney 2266 (75 10)"]
[Site "Internet Chess Club"]
[Date "2021.01.03"]
[Round "4"]
[White "vedrau"]
[Black "binomialfactor"]
[Result "0-1"]
[ICCResult "White resigns"]
[WhiteElo "2042"]
[BlackElo "2176"]
[Opening "QGD: classical variation (5.Bf4)"]
[ECO "D31"]
[NIC "QO.03"]
[Time "11:02:07"]
[PlyCount "94"]
[TimeControl "4500+10"]

1. d4 d5 2. c4 e6 3. Nc3 Be7 4. Bf4 Nf6 5. Nf3 O-O 6. e3 c5 7. Bd3 Nc6 8.
h3 cxd4 9. exd4 b6 10. O-O Bb7 11. Re1 Nb4 12. Bf1 dxc4 13. Bxc4 Bxf3 14.
gxf3 Rc8 15. Bb3 Nfd5 16. Be5 Bf6 17. Qd2 Bg5 18. f4 Be7 19. f5 Bg5 20. Qe2
exf5 21. Qf3 Ne7 22. d5 Ng6 23. Qxf5 Bd2 24. Re2 Nxe5 25. Rxd2 Nf3+ 26.
Qxf3 Qg5+ 27. Kh1 Qxd2 28. Rg1 Kh8 29. Qg4 Qh6 30. d6 f5 31. Qg3 f4 32. Qg4
Nd3 33. Rf1 Qxd6 34. Ne4 Qc6 35. f3 Ne5 36. Qh5 Rce8 37. Ng5 Qg6 38. Qh4
Qh6 39. Qxh6 gxh6 40. Ne6 Rf6 41. Nd4 Nd3 42. Rb1 Re1+ 43. Rxe1 Nxe1 44.
Bc4 Rd6 45. Nf5 Rd2 46. Nh4 Rxb2 47. Kg1 Nc2 { White resigns } 0-1